 Dungeon Crawl Stone Soup version 0.28-a0-983-g1de4e0787c (webtiles) character file.

Game seed: 6013599900931936416

128 ytrimaz the Shield-Bearer (level 5, -5/42 HPs)
             Began as a Formicid Fighter on Dec 2, 2021.
             Slain by an ogre (16 damage)
             ... on level 3 of the Dungeon.
             The game lasted 00:02:25 (2093 turns).

ytrimaz the Shield-Bearer (Formicid Fighter)        Turns: 2093, Time: 00:02:25

Health: -5/42      AC: 11    Str: 23    XL:     5   Next: 34%
Magic:  5/5        EV:  6    Int:  7    God:
Gold:   85         SH: 13    Dex: 10    Spells: 4/4 levels left

rFire   . . .      SeeInvis +   a - +0 war axe
rCold   . . .      Faith    .   f - +1 tower shield
rNeg    . . .      Spirit   .   b - +0 scale mail
rPois   .          Reflect  .   (helmet unavailable)
rElec   .          Harm     .   (no cloak)
rCorr   .          Rampage  .   (no gloves)
Will    .....                   (no boots)
Stlth   ..........              (no amulet)
HPRegen 0.14/turn               g - +4 ring of protection
MPRegen 0.09/turn               (no ring)

@: mighty
A: permanent stasis, dig shafts and tunnels, antennae 3, four strong arms
a: Dig, Shaft Self


You were on level 3 of the Dungeon.
You visited 1 branch of the dungeon, and saw 3 of its levels.

You collected 85 gold pieces.

Inventory:

Hand Weapons
 a - a +0 war axe (weapon)
Armour
 b - a +0 scale mail (worn)
 f - a +1 tower shield (worn)
Jewellery
 g - a +4 ring of protection (left hand)
Scrolls
 c - a scroll of torment
 e - a scroll of noise
Potions
 h - a potion of ambrosia {unknown}


   Skills:
 * Level 4.0 Fighting
 + Level 3.3 Axes
 * Level 4.2 Armour
 * Level 4.5 Shields


You had 4 spell levels left.
You didn't know any spells.
Your spell library was empty.

Dungeon Overview and Level Annotations

Branches:
Dungeon (3/15)

Altars:


Innate Abilities, Weirdness & Mutations

You cannot be hasted, slowed, berserked, paralysed or teleported.
You can dig through walls and to a lower floor.
You have a pair of large antennae on your head. (SInv)
Your four strong arms can wield two-handed weapons with a shield.


Message History

You kill the giant cockroach!
No target in view!
No target in view!
No target in view!
No target in view!
No target in view!
No target in view!
No target in view!
Found a stone staircase leading down.
You sense a monster nearby.
Okay, then.
An ogre comes into view. It is wielding a +0 giant club.
You block the ogre's attack.
You closely miss the ogre.
The ogre hits you with a +0 giant club!!
You hit the ogre.
The ogre is lightly wounded.
The ogre closely misses you.
You slash the ogre!
The ogre is heavily wounded.
The ogre hits you with a +0 giant club. The ogre hits you with a +0 giant club!
* * * LOW HITPOINT WARNING * * *
You are too injured to fight recklessly!
You are too injured to fight recklessly!
You are too injured to fight recklessly!
You are too injured to fight recklessly!
You are too injured to fight recklessly!
You are too injured to fight recklessly!
You are too injured to fight recklessly!
Unknown command.
Okay, then.
You feel very mighty all of a sudden.
You slash the ogre!
The ogre is almost dead.
The ogre barely misses you. x2
Unknown command.
You barely miss the ogre.
The ogre is almost dead.
The ogre hits you with a +0 giant club!
You die...

####...## #..#....##
#.. .....###
#..#####.####### #..
....##
...###8#.....>.# #.[
.†..#
#.#.##....#####.......
....# #.###.....#
###.. ....# #8......#
#.. ....# ##.....###
... ....# ##.....8#
#... ....<
##8#....@### ......
.......O## .......⌠#
........# ##8#..... #
##.... ##.... { #8...
###...


You could see an ogre.

Vanquished Creatures
  Terence (D:2)
  A worm (D:2)
  7 dart slugs
  11 bats
  6 endoplasms
  3 giant cockroaches
  5 goblins
  6 hobgoblins
  10 jackals
  3 quokkas
  7 ball pythons
  10 kobolds
  6 rats
76 creatures vanquished.

Notes
Turn   | Place    | Note
-------+----------+-------------------------------------------
     0 | D:1      | ytrimaz the Formicid Fighter began the quest for the Orb.
     0 | D:1      | Reached XP level 1. HP: 18/18 MP: 1/1
    71 | D:1      | Reached XP level 2. HP: 24/24 MP: 2/2
   261 | D:1      | Reached XP level 3. HP: 20/29 MP: 3/3
  1025 | D:2      | Reached XP level 4. HP: 32/37 MP: 4/4
  1026 | D:2      | Noticed a floating eye
  1029 | D:2      | Found a faded altar of an unknown god.
  1032 | D:2      | Noticed a floating eye
  1032 | D:2      | Noticed a golden eye
  1032 | D:2      | Noticed a great orb of eyes
  1679 | D:2      | Noticed Terence
  1686 | D:2      | Killed Terence
  1687 | D:2      | Reached XP level 5. HP: 42/42 MP: 5/5
  2084 | D:3      | Noticed an ogre
  2093 | D:3      | Slain by an ogre

Illustrated notes

Levels and vault maps discovered:
D:1:      psy_arrival_fountain, layout_basic, minmay_misc_feat_encased,
          minmay_close_crescents
D:2:      wander_river, layout_loops_ring,
          hellmonk_ecumenical_altar_watching_god, kennysheep_potato,
          uniq_terence
D:3:      layout_rooms, serial_corexii_hall, corexii_hall_statues_i,
          chequers_hall_statues_y

Skill      XL: |  1  2  3  4 |
---------------+-------------+-----
Shields        | 4 |  4.5
Armour         | 4 |  4.2
Axes           | 3 |  3.3
Fighting       | 4 |  4.0

Action                   |  1- 3 |  4- 6 || total
-------------------------+-------+-------++-------
Melee: War axe           |   119 |   102 ||   221
  Use: Potion            |     2 |     1 ||     3
       Scroll            |       |     4 ||     4
Armor: Scale mail        |    77 |    50 ||   127
Dodge: Dodged            |    60 |    33 ||    93
Block: Buckler           |    38 |     9 ||    47
       Tower shield      |       |    42 ||    42

Table legend: (Time is in decaauts)
 A = Elapsed time spent in this place.
 B = Non-inter-level travel time spent in this place.
 C = Inter-level travel time spent in this place.
 D = Time resting spent in this place.
 E = Time spent auto-exploring this place.
 F = Levels seen in this place.
 G = Mean time per level.
                   A        B        C        D        E       F      G
               +--------+--------+--------+--------+--------+-----+--------+
         Total |   2204 |   2186 |     18 |      0 |   1566 |   3 |  734.7 |
       Dungeon |   2204 |   2186 |     18 |      0 |   1566 |   3 |  734.7 |
               +--------+--------+--------+--------+--------+-----+--------+

Top non-repeatable levels by time:
     D:1: 1046 daAuts
     D:2: 879 daAuts
     D:3: 278 daAuts
